 Dungeon Crawl Stone Soup version 0.29.0-4-gdea44cf6ec (webtiles) character file.

Game seed: 5229823729014584693

13 qw the Chopper (level 2, 0/26 HPs)
             Began as a Minotaur Berserker on Sept 9, 2022.
             Was a Follower of Trog.
             Succumbed to their own poison gas
             ... on level 1 of the Dungeon.
             The game lasted 00:00:11 (766 turns).

qw the Chopper (Minotaur Berserker)                  Turns: 766, Time: 00:00:12

Health: 0/26       AC:  8    Str: 21    XL:     2   Next: 24%
Magic:  1/1        EV:  8    Int:  4    God:    Trog [*.....]
Gold:   73         SH:  0    Dex:  9    Spells: 1/1 levels left

rFire   . . .      SeeInvis .   Y - +0 hand axe
rCold   . . .      Faith    .   (no shield)
rNeg    . . .      Spirit   .   f - +0 chain mail
rPois   .          Reflect  .   (helmet restricted)
rElec   .          Harm     .   (no cloak)
rCorr   .          Rampage  .   (no gloves)
Will    .....                   (no boots)
Stlth   ..........              (no amulet)
HPRegen 0.08/turn               (no ring)
MPRegen 0.07/turn               (no ring)

@: lethally poisoned (0 -> -1)
A: horns 2, retaliatory headbutt
a: Renounce Religion, Berserk


You were on level 1 of the Dungeon.
You worshipped Trog.
Trog was aware of your devotion.
You visited 1 branch of the dungeon, and saw 1 of its levels.

You collected 73 gold pieces.


Innate Abilities, Weirdness & Mutations

You have a pair of horns on your head.
You reflexively headbutt those who attack you in melee.


   Skills:
 - Level 3.6 Fighting
 + Level 4.5 Axes
 - Level 2.4 Armour
 - Level 2.1 Dodging


You had one spell level left.
You didn't know any spells.
Your spell library was empty.

Inventory:

Hand Weapons
 Y - a +0 hand axe (weapon)
Missiles
 c - 4 boomerangs (quivered)
Armour
 f - a +0 chain mail (worn)
Scrolls
 k - a scroll of identify
Potions
 g - a potion of haste {unknown}
 h - a potion of might {unknown}
 i - a potion of cancellation {unknown}
 j - a potion of heal wounds {unknown}

Dungeon Overview and Level Annotations

Branches:
Dungeon (1/15)

Altars:

Shops:
D:1 [


Message History

The air fills with toxic fumes!
As you read the scroll labelled BIOMAS WUYMM, it crumbles to dust.
It was a scroll of poison.
Done exploring.
756 ||| READING 2 scrolls labelled FOSAFIPEJE.
As you read the scroll labelled FOSAFIPEJE, it crumbles to dust.
It is a scroll of identify.
Really abort (and waste the scroll)?
Done exploring.
(D) Dungeon
Where to? (* - list waypoints, ? - help)
What level of the Dungeon? (default 1, ? - help) Sorry, I don't know how to get there.
Done exploring.
757 ||| Stepping randomly (stuck).
Really walk into that cloud of poison gas?
You enter the shallow water.
Moving in this stuff is going to be slow.
You are engulfed in poison gas.
You are poisoned.
You feel very sick.
758 ||| Stepping ~*~*~tactically~*~*~ (cloud).
You feel very sick.
Things that are here:
a ring of flight; a +0 leather armour; a +0 animal skin
There is a lethal amount of poison in your body!
You feel sick.
There is a lethal amount of poison in your body!
You feel sick.
There is a lethal amount of poison in your body!
You feel sick.
There is a lethal amount of poison in your body!
You feel sick.
There is a lethal amount of poison in your body!
You feel sick.
There is a lethal amount of poison in your body!
You feel sick.
There is a lethal amount of poison in your body!
You feel sick.
There is a lethal amount of poison in your body!
You die...

#..~~~~~~~~~~.....#
#..~~~~~~~~~..#%#..
#¤0~00.00~~~~.#.###
#0.0¤0¤¤7~~~..#.# #
#00¤00¤07~~~..#.#
#00¤0¤¤0¤~~~~.#.#
#000¤0~~0~~~..#.#
#0¤~0¤00¤~~~~~#.#
#¤@~00000~~~.~#.#
#~0000.00.....#.#
###############.#
####...# #....#.###
#.........
#.........
###8###8## ### ###


There were no monsters in sight!

Vanquished Creatures
  2 ball pythons (D:1)
  2 endoplasms (D:1)
  2 hobgoblins (D:1)
  A bat (D:1)
  A frilled lizard (D:1)
  3 goblins (D:1)
  A rat (D:1)
12 creatures vanquished.

Vanquished Creatures (others)
  5 toadstools (D:1)
5 creatures vanquished.

Grand Total: 17 creatures vanquished

Notes
Turn   | Place    | Note
-------+----------+-------------------------------------------
     0 | D:1      | qw the Minotaur Berserker began the quest for the Orb.
     0 | D:1      | Reached XP level 1. HP: 19/19 MP: 0/0
     0 | D:1      | 0 ||| qw: Version: 0.1-a-113-g051387a
     0 | D:1      | 0 ||| qw: Game counter: 7074
     0 | D:1      | 0 ||| qw: Always use a shield: true
     0 | D:1      | 0 ||| qw: Do Orc after D:15 true
     0 | D:1      | 0 ||| qw: Do second Lair branch before Depths: true
     0 | D:1      | 0 ||| qw: Lair rune preference: random
     0 | D:1      | 0 ||| qw: Plans: Normal
     0 | D:1      | 0 ||| PLANNING D:1-11
   175 | D:1      | Reached skill level 4 in Axes
   271 | D:1      | Found Roimairi's Armour Shop.
   304 | D:1      | 304 ||| SHOPLISTING +0 pair of gloves (63 gold, have 47).
   304 | D:1      | 304 ||| SHOPLISTING +2 scale mail of poison resistance (252
                  | gold, have 47).
   393 | D:1      | Reached XP level 2. HP: 26/26 MP: 1/1
   396 | D:1      | Found a faded altar of an unknown god.
   732 | D:1      | 732 ||| UPGRADING to +0 leather armour.
   742 | D:1      | 742 ||| DROPPING +0 animal skin.
   743 | D:1      | 743 ||| UPGRADING to +0 chain mail.
   753 | D:1      | 753 ||| DROPPING +0 leather armour.
   754 | D:1      | 754 ||| DROPPING ring of flight.
   755 | D:1      | 755 ||| READING scroll labelled BIOMAS WUYMM.
   756 | D:1      | 756 ||| READING 2 scrolls labelled FOSAFIPEJE.
   757 | D:1      | 757 ||| Stepping randomly (stuck).
   758 | D:1      | 758 ||| Stepping ~*~*~tactically~*~*~ (cloud).
   760 | D:1      | HP: 6/26 [poisoned by you (poison gas)]
   764 | D:1      | HP: 2/26 [poisoned by you (poison gas)]
   766 | D:1      | Succumbed to their own poison gas

Levels and vault maps discovered:
D:1:      ldierk_walled_garden, layout_basic, serial_corexii_hall,
          corexii_hall_statues_x, chequers_hall_statues_wall_a, serial_shops,
          shop, chequers_ecumenical_altar_island

Skill      XL: |  1 |
---------------+----+-----
Axes           | 4 |  4.5
Fighting       | |  3.6
Armour         | |  2.4
Dodging        | |  2.1

Action                   || total
-------------------------++-------
Melee: Hand axe          ||    15
Throw: Boomerang         ||    20
  Use: Scroll            ||     2
Dodge: Dodged            ||     7

Table legend:
 A = Non-vault XP
 B = Vault XP
 C = Vault XP percentage of total XP
 D = Non-vault monster count
 E = Vault monster count
 F = Vault count percentage of total count
                 A         B        C        D         E       F
            +---------+---------+-------+---------+---------+-------
      Total |      19 |       0 |   0.0 |      12 |       0 |   0.0
            +---------+---------+-------+---------+---------+-------
        D:1 |      19 |       0 |   0.0 |      12 |       0 |   0.0
            +---------+---------+-------+---------+---------+-------
